Map: Ascension to Aiur LE

Players

LiquidTLO (TLO) - Winner!

  • Race: Zerg Zerg
  • League: Grandmaster
  • Spawn Location: 11:00

lIlIlIlIlIlI

  • Race: Protoss Protoss
  • League: Grandmaster
  • Spawn Location: 5:00

VOD

Have the link to the VOD?

Description

Time

  • Played on: Jan. 7, 2018, 2:12 p.m.
  • Length: 12:26
Show
View Real Time Build Order
Export as new Build Order

LiquidTLO Zerg - Winner!

Build Orders: Hatch First, Lurkers 

Get SALT Encoding   

  12  0:00  Drone  
  13  0:12  Overlord  
  13  0:17  Drone  
  14  0:31  Drone x2  
  16  0:36  Drone  
  17  0:51  Hatchery  
  17  0:54  Drone  
  17  0:59  Drone  
  18  1:12  Spawning Pool  
  18  1:14  Drone  
  18  1:17  Drone  
  19  1:28  Drone  
  19  1:30  Extractor  
  19  1:38  Overlord  
  19  1:49  Drone  
  20  1:58  Queen  
  20  2:00  Drone  
  23  2:03  Queen  
  23  2:04  Drone  
  26  2:11  Drone  
  26  2:15  Drone  
  28  2:22  Drone  
  29  2:25  Drone  
  30  2:34  Queen  
  30  2:36  Hatchery  
  31  2:39  Drone  
  31  2:40  Drone  
  33  2:45  Overlord  
  33  2:48  Metabolic Boost  
  33  2:51  Zergling x2  
  33  2:55  Drone  
  33  2:57  Drone  
  36  3:04  Drone  
  36  3:05  Drone  
  38  3:07  Drone  
  38  3:10  Overlord  
  38  3:12  Drone  
  40  3:13  Drone  
  40  3:15  Drone  
  40  3:16  Drone  
  40  3:18  Zergling x2  
  44  3:25  Overlord  
  44  3:32  Overlord  
  44  3:33  Drone  
  45  3:35  Spore Crawler x2  
  45  3:38  Drone  
  44  3:42  Overlord  
  44  3:43  Drone x2  
  44  3:44  Drone  
  44  3:47  Zergling x2  
  48  3:50  Spore Crawler  
  48  3:51  Drone  
  48  3:52  Zergling x2  
  48  3:54  Drone x2  
  51  3:58  Zergling x2  
  51  3:59  Zergling x2  
  53  4:03  Extractor  
  53  4:04  Lair  
  53  4:07  Drone  
  52  4:12  Drone  
  52  4:13  Drone  
  52  4:15  Drone  
  50  4:18  Drone  
  50  4:20  Drone  
  50  4:22  Drone  
  52  4:24  Drone  
  52  4:26  Drone  
  52  4:28  Extractor  
  52  4:29  Extractor, Drone  
  52  4:32  Drone x2  
  52  4:34  Drone  
  52  4:35  Drone  
  57  4:38  Drone  
  57  4:43  Drone  
  57  4:45  Drone x2, Evolution Chamber  
  59  4:47  Zergling x2  
  59  4:49  Drone  
  59  4:50  Zergling x2  
  59  4:51  Drone  
  63  4:53  Zergling x2  
  63  4:58  Overlord  
  64  5:04  Hydralisk Den  
  63  5:11  Overlord  
  63  5:12  Zergling x4  
  63  5:13  Overlord x2  
  65  5:16  Zerg Missile Weapons Level 1  
  65  5:18  Overlord  
  65  5:23  Overlord, Zergling x2  
  65  5:24  Zergling x2  
  65  5:26  Zergling x2  
  67  5:32  Overlord  
  67  5:33  Muscular Augments, Hydralisk  
  67  5:35  Hydralisk  
  71  5:38  Hydralisk  
  71  5:40  Hydralisk  
  75  5:44  Overseer  
  75  5:45  Hydralisk  
  75  5:47  Hydralisk  
  79  5:50  Hydralisk  
  79  5:55  Hydralisk  
  82  5:57  Hydralisk  
  82  5:59  Hydralisk  
  82  6:03  Zergling x2  
  87  6:05  Zergling x2  
  87  6:06  Zergling x2  
  87  6:09  Zergling x2  
  87  6:10  Zergling x2  
  87  6:11  Zergling x2  
  90  6:13  Zergling x2  
  90  6:14  Zergling x4  
  92  6:19  Hydralisk  
  92  6:20  Hydralisk  
  92  6:21  Hydralisk  
  92  6:24  Zergling x2  
  92  6:26  Zergling x2  
  92  6:27  Zergling x2  
  92  6:28  Zergling x2  
  90  6:34  Hydralisk x2  
  90  6:36  Hydralisk  
  92  6:41  Hydralisk  
  92  6:43  Hydralisk  
  92  6:44  Zergling x4  
  92  6:46  Zergling x2  
  96  6:49  Hydralisk  
  96  6:52  Hydralisk  
  98  6:56  Hydralisk  
  98  6:57  Drone  
  95  7:01  Drone x2  
  95  7:05  Drone  
  95  7:08  Drone  
  81  7:17  Drone x2  
  82  7:24  Drone  
  82  7:27  Hydralisk x2  
  87  7:33  Hydralisk  
  89  7:38  Drone  
  89  7:39  Drone  
  89  7:43  Lurker Den  
  91  7:44  Drone  
  91  7:49  Drone  
  89  7:51  Drone  
  89  7:52  Drone x3  
  89  7:53  Drone x2  
  89  7:54  Drone  
  94  8:03  Hydralisk x3  
  99  8:08  Hydralisk  
  99  8:11  Drone  
  99  8:12  Drone  
  103  8:13  Drone  
  103  8:16  Drone x3  
  103  8:19  Drone  
  104  8:20  Drone  
  104  8:22  Hydralisk  
  89  8:27  Drone  
  89  8:28  Drone  
  89  8:29  Drone x2  
  89  8:32  Zerg Missile Weapons Level 2  
  89  8:34  Hydralisk  
  89  8:35  Extractor x2  
  89  8:38  Hydralisk  
  89  8:39  Hydralisk  
  93  8:43  Zergling x4  
  93  8:44  Zergling x2  
  93  8:48  Drone  
  97  8:54  Zergling x2  
  98  8:58  Zergling x4  
  98  9:02  Hatchery  
  99  9:06  Pneumatized Carapace  
  99  9:09  Lurker  
  103  9:10  Lurker x3  
  103  9:12  Zergling x4  
  103  9:13  Zergling x2  
  103  9:16  Drone, Zergling x2  
  108  9:17  Hydralisk  
  108  9:20  Hydralisk x2  
  108  9:22  Overlord  
  108  9:23  Hydralisk  
  115  9:24  Zergling x2  
  115  9:30  Hydralisk  
  118  9:34  Hydralisk  
  120  9:48  Hydralisk x4  
  128  9:57  Drone  
  128  9:58  Overlord x4  
  129  10:02  Overseer  
  129  10:08  Overlord  
  129  10:11  Overlord  
  129  10:18  Hydralisk x3  
  135  10:26  Hatchery  
  134  10:30  Hydralisk x4  
  134  10:31  Hydralisk  
  134  10:32  Zergling x2  
  145  10:36  Hydralisk x2  
  145  10:38  Zergling x2  
  147  10:45  Zergling x4  
  147  10:46  Zergling x2  
  142  10:50  Zergling x2  
  142  10:51  Zergling x2  
  142  10:52  Zergling x2  
  142  10:56  Hydralisk x4  
  130  11:00  Zergling x2  
  130  11:01  Zergling x4  
  137  11:05  Zergling x4  
  137  11:06  Zergling x2  
  137  11:07  Zergling x2  
  137  11:08  Zergling x4  
  137  11:11  Hydralisk  
  135  11:14  Lurker x3  
  140  11:19  Zergling x2  
  140  11:21  Zergling x2  
  140  11:22  Zergling x4  
  139  11:27  Zergling x2  
  139  11:31  Hydralisk  
  139  11:32  Hydralisk x2  
  128  11:34  Hydralisk x2  
  128  11:36  Zergling x2  
  123  11:40  Zergling x4  
  123  11:43  Hydralisk  
  123  11:44  Hydralisk x2  
  123  11:47  Hydralisk  
  129  11:54  Hydralisk  
  129  11:58  Zergling x2  
  129  11:59  Lurker  
  129  12:00  Lurker  
  129  12:01  Zergling x4  
  132  12:05  Zergling x4  
Show
View Real Time Build Order
Export as new Build Order

lIlIlIlIlIlI Protoss 

Build Orders: 1 Gate Expand, Oracle Opening, Phoenix Opening 

Get SALT Encoding   

  12  0:00  Probe  
  13  0:12  Probe  
  14  0:18  Pylon  
  14  0:25  Probe (Chrono Boost)  
  15  0:37  Probe (Chrono Boost)  
  15  0:42  Gateway  
  16  0:45  Probe (Chrono Boost)  
  16  0:47  Assimilator  
  17  0:51  Probe  
  18  1:03  Probe  
  19  1:15  Probe  
  20  1:22  Nexus  
  20  1:33  Cybernetics Core  
  20  1:36  Probe  
  21  1:41  Assimilator  
  21  1:48  Probe  
  21  1:51  Pylon  
  22  2:00  Probe  
  23  2:07  Adept (Chrono Boost)  
  23  2:09  Warp Gate  
  23  2:12  Probe  
  26  2:24  Probe  
  26  2:25  Adept (Chrono Boost)  
  29  2:33  Stargate  
  29  2:35  Probe (Chrono Boost)  
  31  2:40  Probe (Chrono Boost)  
  31  2:43  Adept  
  31  2:47  Probe (Chrono Boost)  
  31  2:51  Probe x2 (Chrono Boost)  
  36  3:00  Probe  
  36  3:01  Probe  
  38  3:09  Gateway  
  39  3:12  Probe  
  39  3:14  Probe  
  39  3:15  Oracle (Chrono Boost)  
  39  3:18  Pylon  
  43  3:24  Probe  
  43  3:26  Probe  
  45  3:34  Assimilator x2  
  45  3:37  Probe  
  45  3:38  Probe  
  47  3:42  Phoenix (Chrono Boost)  
  49  3:49  Probe  
  49  3:50  Probe  
  49  3:54  Pylon  
  51  4:01  Robotics Facility, Probe  
  51  4:02  Probe  
  53  4:04  Twilight Council  
  53  4:13  Probe  
  55  4:18  Oracle (Chrono Boost)  
  54  4:25  Probe  
  54  4:27  Probe, Gateway x2  
  55  4:31  Adept  
  55  4:32  Adept  
  55  4:37  Probe  
  60  4:42  Templar Archives  
  60  4:44  Resonating Glaives (Chrono Boost)  
  61  4:51  Gateway  
  60  4:53  Gateway  
  60  4:57  Gateway  
  60  4:59  Gateway  
  60  5:04  Pylon  
  60  5:06  Warp Prism (Chrono Boost)  
  62  5:23  Pylon x2  
  62  5:30  Adept x4  
  62  5:34  Pylon  
  69  5:57  Adept x8  
  85  6:08  Pylon  
  81  6:18  Adept x2  
  81  6:19  Adept x4  
  77  6:27  Adept x8  
  69  6:47  Adept x4  
  69  6:48  Adept x3  
  74  6:55  Probe x2  
  60  7:09  Nexus  
  55  7:19  Probe  
  55  7:21  Zealot x2  
  56  7:27  Immortal (Chrono Boost), Sentry x2  
  56  7:28  Templar Archives  
  61  7:35  Adept  
  61  7:36  Adept  
  68  7:40  Adept, Sentry  
  70  7:50  Adept x3  
  70  7:51  Adept  
  70  7:57  Immortal (Chrono Boost)  
  66  8:01  Adept x3  
  66  8:03  Adept  
  78  8:11  Cybernetics Core  
  76  8:15  High Templar x4  
  80  8:20  Archon x2  
  72  8:28  Zealot x4  
  72  8:29  Psionic Storm  
  74  8:42  Nexus  
  74  8:53  High Templar x2, Charge  
  78  9:01  High Templar  
  80  9:06  Pylon  
  80  9:20  Immortal (Chrono Boost), Probe x2  
  86  9:32  Probe  
  86  9:33  Probe  
  86  9:34  Zealot x2, High Templar  
  86  9:35  Zealot  
  96  9:43  Pylon  
  96  9:48  High Templar  
  98  9:54  Warp Prism (Chrono Boost)  
  98  9:55  Zealot x2  
  98  9:57  Sentry  
  106  10:03  Gateway  
  106  10:11  Zealot x3  
  113  10:24  Zealot x4  
  113  10:25  Observer (Chrono Boost)  
  121  10:33  Assimilator  
  121  10:34  Assimilator  
  121  10:36  Zealot x2  
  121  10:42  Observer  
  125  10:47  Zealot  
  125  10:48  Zealot  
  120  10:51  Zealot x3  
  116  11:01  Zealot x3  
  116  11:03  Observer  
  115  11:11  Zealot x5  
  107  11:35  Archon x2  
  107  11:37  Zealot x2  
  107  11:38  Zealot x3  
  88  11:47  High Templar x4  
  88  11:48  Probe x3  
  88  11:52  Archon  
  88  11:53  Archon  
  93  11:59  Stalker x3  
  97  12:01  Observer (Chrono Boost)  
  83  12:08  Zealot x2  
Tags
 
Add a new tag
Caveats
  • Supply blocks, unpowered buildings, or Contaminate may cause inaccurate times.
  • Supply counts are checked every 10 seconds.